 Dungeon Crawl Stone Soup version 0.23-a0-899-gbbae0a3 (webtiles) character file.

Game seed: 14270893467884160982

36612 Mgcat the Severer (level 13, -8/123 HPs)
             Began as a Naga Fighter on Jan 29, 2019.
             Was a High Priest of Cheibriados.
             Mangled by a balrug
             ... wielding a +2 demon whip of venom
              (9 damage)
             ... on level 1 of the Abyss.
             The game lasted 00:43:50 (17406 turns).

Mgcat the Severer (Naga Fighter)                   Turns: 17406, Time: 00:43:51

Health: -8/123     AC: 22    Str: 33    XL:     13   Next: 91%
Magic:  18/18      EV: 16    Int: 21    God:    Cheibriados [*****.]
Gold:   850        SH: 13    Dex: 27    Spells: 10/12 levels left

rFire    + . .     SeeInvis +   w - +7 war axe "Poorag" {drain, +Blink +Rage rPois}
rCold    x . .     Gourm    .   c - +0 shield
rNeg     . . .     Faith    .   D - +4 scale mail
rPois    +         Spirit   .   i - +2 helmet
rElec    .         Reflect  .   h - +2 cloak {+Inv}
rCorr    .         Harm     .   q - +2 pair of gloves
MR       +....                  (no barding)
Stlth    ++........             L - amulet of regeneration {+regen, !d}
HPRegen  0.70/turn              F - ring of fire {rF+, rC-}
MPRegen  0.16/turn              s - +2 ring of slaying

@: agile, about to teleport, very slow
A: large, see invisible, deformed body, poison resistance, slowness 2, slow
metabolism 1, spit poison 1, constrict 1, AC +4
a: Spit Poison, Bend Time, Temporal Distortion, Slouch, Step From Time, Renounce
Religion, Evoke Blink, Evoke Berserk Rage, Evoke Invisibility


You were on level 1 of the Abyss.
You worshipped Cheibriados.
Cheibriados was extremely pleased with you.
You were not hungry.

You visited 2 branches of the dungeon, and saw 16 of its levels.
You visited the Abyss 1 time.
You also visited: Sewer.

You collected 1389 gold pieces.
You spent 539 gold pieces at shops.

Inventory:

Hand Weapons
 w - the +7 war axe "Poorag" (weapon) {drain, +Blink +Rage rPois}
   (You bought it in a shop on level 8 of the Dungeon)

   A truly terrible weapon, it drains the life of those it strikes.
   It protects you from poison.
   It lets you blink.
   It lets you go berserk.
Missiles
 n - 8 throwing nets {=f, !d}
 E - 11 curare-tipped needles
Armour
 c - a +0 shield (worn)
 h - a +2 cloak of invisibility (worn)
   (You took it off Maurice on level 9 of the Dungeon)
 i - a +2 helmet (worn)
   (You took it off Robin on level 2 of the Dungeon)
 q - a +2 pair of gloves (worn)
   (You bought it in a shop on level 4 of the Dungeon)
 D - a +4 scale mail (worn)
   (You took it off an orc on level 5 of the Dungeon)
Jewellery
 s - a +2 ring of slaying (right hand)
   (You found it on level 4 of the Dungeon)
 z - an uncursed ring of stealth {Stlth+}
   (You found it on level 6 of the Dungeon)
 F - a ring of fire (left hand) {rF+, rC-}
   (You found it on level 2 of the Lair of Beasts)
 L - an amulet of regeneration (around neck) {+regen, !d}
   (You found it on level 1 of the Abyss)
Wands
 g - a wand of flame (21)
   (You found it on level 8 of the Dungeon)
 y - a wand of acid (27)
   (You took it off a gnoll on level 6 of the Dungeon)
 A - a wand of paralysis (19)
   (You found it on level 11 of the Dungeon)
 G - a wand of enslavement (9)
   (You found it on level 2 of the Lair of Beasts)
 J - a wand of disintegration (11)
   (You found it on level 3 of the Lair of Beasts)
Scrolls
 a - 2 scrolls of blinking {!r}
 b - a scroll of enchant weapon
 d - 7 scrolls of identify
 e - 3 scrolls of fog
 k - 11 scrolls of teleportation
 o - 4 scrolls of amnesia
 x - 2 scrolls of fear
 C - a scroll of enchant armour
 H - 4 scrolls of remove curse
Potions
 j - 4 potions of curing
 m - a potion of brilliance
 p - 3 potions of agility
 r - a potion of resistance
 t - a potion of magic
 u - 2 potions of ambrosia
 I - a potion of mutation {!q}
Miscellaneous
 l - a phial of floods
   (You found it on level 3 of the Lair of Beasts)
 B - a lamp of fire
   (You found it on level 9 of the Dungeon)
Comestibles
 f - 42 rations


   Skills:
 - Level 10.0 Fighting
 - Level 16.0 Axes
 - Level 5.0 Armour
 - Level 5.0 Dodging
 - Level 5.0 Shields
 + Level 7.5 Invocations
 + Level 7.2 Evocations


You had 10 spell levels left.
You knew the following spells:

 Your Spells              Type           Power        Failure   Level  Hunger
a - Blink                 Tloc           N/A          75%         2    ###....

Your spell library contained the following spells:

 Spells                   Type           Power        Failure   Level  Hunger
 Animate Skeleton         Necr           N/A          61%         1    ##.....
 Apportation              Tloc           #.....       61%         1    ##.....
 Confusing Touch          Hex            #.....       61%         1    ##.....
 Corona                   Hex            #......      61%         1    ##.....
 Magic Dart               Conj           #...         61%         1    ##.....
 Summon Small Mammal      Summ           #...         61%         1    ##.....
 Call Imp                 Summ           #.......     75%         2    ###....
 Ensorcelled Hibernation  Hex/Ice        #.....       75%         2    ###....
 Slow                     Hex            #.......     75%         2    ###....
 Confuse                  Hex            #.......     93%         3    ####...
 Conjure Flame            Conj/Fire      #.......     93%         3    ####...
 Dazzling Spray           Conj/Hex       #.....       93%         3    ####...
 Gell's Gravitas          Tloc           #.........   93%         3    ####...
 Mephitic Cloud           Conj/Pois/Air  #.......     93%         3    ####...
 Tukima's Dance           Hex            #.......     93%         3    ####...
 Petrify                  Tmut/Erth      #.......     100%        4    #####..
 Bolt of Magma            Conj/Fire/Erth #.........   100%        5    ######.
 Iskenderun's Battlesphe  Conj/Chrm      #.......     100%        5    ######.
 Metabolic Englaciation   Hex/Ice        #.........   100%        5    ######.
 Venom Bolt               Conj/Pois      #.........   100%        5    ######.
 Yara's Violent Unravell  Hex/Tmut       #.........   100%        5    ######.
 Iron Shot                Conj/Erth      #.........   100%        6    #######
 Orb of Destruction       Conj           #.........   100%        7    #######
 Spellforged Servitor     Conj/Summ      #.........   100%        7    #######


Dungeon Overview and Level Annotations

Branches:
Dungeon (11/15)            Temple (0/1) D:6            Lair (5/6) D:9
  Swamp (0/4) Lair:3       Spider (0/4) Lair:4          Orc (0/2) D:10
  Slime: Lair:5-6

Altars:
Ashenzari
Cheibriados
Dithmenos
Elyvilon
Fedhas
Kikubaaqudgha
Makhleb
Okawaru
Qazlal
Sif Muna
Uskayaw
Wu Jian
Xom
The Shining One

Shops:
D:4 [   D:8 (?(

Annotations:
D:2 1 runed translucent door, 1 exclusion, Crazy Yiuf
D:6 1 runed translucent door, Duffy's ghost, novice NaGl
Lair:5 Sonja


Innate Abilities, Weirdness & Mutations

You cannot wear boots.
Your serpentine skin is tough. (AC +4)
You have supernaturally acute eyesight. (SInv)
Armour fits poorly on your strangely shaped body.
Your system is resistant to poisons. (rPois)
You cover ground very slowly.
You have a slow metabolism.
You can spit poison.
You can use your snake-like lower body to constrict enemies.


Message History

You kill the sixfirhy!
Cheibriados thoroughly appreciates the change of pace.
Spoiler Alert: The small abomination might be fast and can hit for high damage in melee!
You block the small abomination's attack.
The small abomination barely misses you.
Spoiler Alert: The small abomination might be fast and can hit for high damage in melee!
You hit the small abomination but do no damage.
You grab the small abomination. You constrict the small abomination.
The small abomination barely misses you.
Spoiler Alert: The small abomination might be fast and can hit for high damage in melee!
You completely miss the small abomination.
The small abomination is lightly damaged.
You constrict the small abomination.
You block the small abomination's attack.
Spoiler Alert: The small abomination might be fast and can hit for high damage in melee!
You hit the small abomination.
The small abomination is moderately damaged.
You constrict the small abomination.
You block the small abomination's attack.
Spoiler Alert: The small abomination might be fast and can hit for high damage in melee!
You slice the small abomination!!
You destroy the small abomination!
Cheibriados appreciates the change of pace.
No target in view!
A lurking horror comes into view.
The lurking horror explodes!
Your body is wracked with pain!
You take 60 damage, and have 63/123 hp.
MASSIVE DAMAGE!!
Unknown command.
Unknown command.
Unknown command.
You are suddenly pulled into a different region of the Abyss!
You regained 12 hp, and now have 75/123 hp.
Unknown command.
Unknown command.
Unknown command.
Unknown command. 2 red devils, a balrug and 2 sun demons come into view.
The balrug is wielding a +2 demon whip of venom.
A red devil is wielding a +1 vampiric demon trident.
You regained 12 hp, and now have 87/123 hp.
Spoiler Alert: The balrug (wandering) can smite you, and cast fireball!
Unknown command.
Lua error: [string "/dgldir/rcfiles/crawl-git/Mgcat.rc"]:926: invalid capture index Unknown command.
Lua error: [string "/dgldir/rcfiles/crawl-git/Mgcat.rc"]:926: invalid capture index Unknown command.
Lua error: [string "/dgldir/rcfiles/crawl-git/Mgcat.rc"]:926: invalid capture index Unknown command.
Spoiler Alert: The balrug (wandering) can smite you, and cast fireball!
As you read the scroll of teleportation, it crumbles to dust.
You feel strangely unstable.
You feel the power of the Abyss delaying your translocation!
The balrug shouts!
The sun demon shouts! x2
Spoiler Alert: The balrug can smite you, and cast fireball!
Unknown command.
Unknown command.
The red devil misses you. You block the balrug's attack.
You regained 2 hp, and now have 90/123 hp.
Unknown command.
The balrug gestures at you. Something smites you!
The balrug hits you with a +2 demon whip of venom!
You are engulfed in flames!
You resist.
You take 34 damage, and have 56/123 hp.
MASSIVE DAMAGE!!
Spoiler Alert: The balrug can smite you, and cast fireball!
The balrug misses you. The sun demon hits you!
You are engulfed in flames!
You resist. You block the red devil's attack.
The balrug hits you with a +2 demon whip of venom!!
* * * LOW HITPOINT WARNING * * *
You are engulfed in flames!
You resist.
* * * LOW HITPOINT WARNING * * *
The sun demon closely misses you.
You take 45 damage, and have 11/123 hp.
MASSIVE DAMAGE!!
Spoiler Alert: The balrug can smite you, and cast fireball!
Unknown command.
Unknown command.
Put on which piece of jewellery? (? for menu, Esc to quit)
Okay, then.
Unknown command.
Unknown command.
Spoiler Alert: The balrug can smite you, and cast fireball!
You feel much better.
The red devil hits you but does no damage.
The sun demon hits you.
* * * LOW HITPOINT WARNING * * *
You are engulfed in flames!
You resist.
* * * LOW HITPOINT WARNING * * *
You block the red devil's attack. The balrug gestures at you.
Something smites you!
* * * LOW HITPOINT WARNING * * *
The sun demon hits you but does no damage.
Spoiler Alert: The balrug can smite you, and cast fireball!
Unknown command.
You feel agile all of a sudden. You block the sun demon's attack.
You block the red devil's attack.
The balrug hits you with a +2 demon whip of venom!
* * * LOW HITPOINT WARNING * * *
You are engulfed in flames!
You resist.
You die...

'.......#.
#.......'.
#.......#
#......#
##......#
#.......#
#.4.4...#
###32..(#
#@3...#
#.....#
#.....#
##....'..
##..#..
..#.. ..#
##


You could see a balrug, 2 sun demons and 2 red devils.

Vanquished Creatures
  3 hydras
  A catoblepas (Lair:4)
  A two-headed ogre (D:9)
  7 death yaks (D:9)
  A sixfirhy (Abyss:1)
  An unseen horror (D:10)
  4 lindwurms (Lair:2)
  A wolf spider (D:8)
  An ugly thing (D:11)
  A manticore (Lair:4)
  A black mamba (Lair:4)
  Maurice (D:9)
  A gargoyle (D:11)
  8 spiny frogs
  4 rime drakes
  5 komodo dragons
  A queen bee (D:9)
  A polar bear (Lair:4)
  A tyrant leech (Lair:3)
  13 blink frogs
  10 hippogriffs
  2 redbacks (Lair:4)
  12 wyverns
  12 yaks
  6 basilisks (Lair:4)
  A hungry ghost (D:11)
  A small abomination (Abyss:1)
  2 swamp worms (Lair:3)
  7 water moccasins
  2 porcupines
  A soldier ant (D:10)
  5 orc warriors
  4 ice beasts
  3 sky beasts
  A black bear (D:10)
  2 phantoms (D:9)
  2 necrophages
  3 ogres (D:10)
  7 wolves
  6 centaurs
  6 crocodiles
  A big kobold (D:11)
  14 bullfrogs
  A wyvern skeleton (D:10)
  6 scorpions
  A water moccasin skeleton (D:11)
  26 killer bees
  9 wights
  5 electric eels
  7 howler monkeys
  A centaur zombie (D:7)
  4 crimson imps
  A quasit (D:11)
  A bullfrog skeleton (D:8)
  A gnoll shaman (D:6)
  11 orc priests
  9 hounds
  10 orc wizards
  An iguana (D:8)
  6 hell rats (Lair:4)
  7 worker ants
  A hound skeleton (D:6)
  2 worker ant zombies (D:5)
  Robin (D:2)
  7 gnolls (D:6)
  2 howler monkey skeletons
  17 adders
  A river rat (D:3)
  2 shadow imps
  2 adder skeletons
  6 worms
  2 dart slugs
  17 leopard geckos
  68 orcs
  2 bat zombies (D:7)
  10 giant cockroaches
  20 goblins
  10 hobgoblins
  7 jackals
  6 quokkas
  4 ball pythons
  9 bats
  5 frilled lizards
  10 kobolds
  2 leopard gecko skeletons
  9 rats
  A rat zombie (D:7)
  3 fungi
500 creatures vanquished.

Vanquished Creatures (others)
  An orc (D:8)
  A bat (D:1)
  2 fungi
  A lurking horror (Abyss:1)
  2 plants
  4 toadstools (D:1)
  2 withered plants (D:6)
13 creatures vanquished.

Grand Total: 513 creatures vanquished

Notes
Turn   | Place    | Note
-------+----------+-------------------------------------------
     0 | D:1      | Mgcat the Naga Fighter began the quest for the Orb.
     0 | D:1      | Reached XP level 1. HP: 21/21 MP: 1/1
   311 | D:1      | Reached XP level 2. HP: 19/28 MP: 2/2
   834 | D:1      | Reached XP level 3. HP: 23/34 MP: 3/3
  1556 | D:2      | Reached skill level 3 in Axes
  1619 | D:2      | Found a faded altar of an unknown god.
  1841 | D:2      | Reached XP level 4. HP: 40/44 MP: 4/4
  1853 | D:2      | Reached skill level 4 in Fighting
  1853 | D:2      | Noticed Robin
  1858 | D:2      | Killed Robin
  1858 | D:2      | HP: 10/44 [goblin/+0 club[Robin] (2)]
  2292 | D:2      | Found a runed translucent door.
  2293 | D:2      | Noticed Crazy Yiuf
  2342 | D:2      | Found a hide-covered altar of Uskayaw.
  2456 | D:2      | Found a burning altar of Makhleb.
  2544 | D:2      | Found an iron altar of Okawaru.
  2775 | D:3      | Reached XP level 5. HP: 48/51 MP: 5/5
  2934 | D:3      | Found a glowing drain.
  2938 | Sewer    | Entered a sewer
  2965 | Sewer    | Reached skill level 4 in Axes
  3192 | Sewer    | Found the +8 mithril axe "Arga" {speed, MR+}
  3255 | Sewer    | Reached skill level 5 in Fighting
  3255 | Sewer    | Reached XP level 6. HP: 23/61 MP: 6/6
  4002 | D:3      | Reached skill level 5 in Axes
  4342 | D:2      | Found a snail-covered altar of Cheibriados.
  4348 | D:2      | Became a worshipper of Cheibriados the Contemplative
  4418 | D:4      | Reached XP level 7. HP: 48/67 MP: 7/7
  4420 | D:4      | Reached skill level 1 in Invocations
  4625 | D:4      | Reached skill level 1 in Dodging
  4996 | D:4      | Found Ywookiom's Antique Armour Shop.
  5007 | D:4      | Reached * piety under Cheibriados
  5017 | D:4      | Bought a pair of glowing gloves for 150 gold pieces
  5080 | D:4      | Found a shimmering altar of Xom.
  5108 | D:4      | Reached skill level 3 in Armour
  5108 | D:4      | Reached skill level 3 in Shields
  5108 | D:4      | Reached skill level 2 in Invocations
  5316 | D:5      | Entered Level 5 of the Dungeon
  5383 | D:5      | Reached skill level 6 in Axes
  5481 | D:5      | Reached XP level 8. HP: 36/74 MP: 9/9
  5638 | D:5      | Reached skill level 2 in Dodging
  5874 | D:5      | Reached ** piety under Cheibriados
  5973 | D:5      | Reached skill level 3 in Invocations
  6410 | D:6      | Found a runed translucent door.
  6411 | D:6      | Noticed Duffy's ghost (novice NaGl)
  6621 | D:6      | Reached skill level 4 in Armour
  6639 | D:6      | Found a deep blue altar of Sif Muna.
  6660 | D:6      | Reached skill level 3 in Dodging
  6660 | D:6      | Reached skill level 4 in Shields
  6660 | D:6      | Reached skill level 4 in Invocations
  6703 | D:6      | Reached *** piety under Cheibriados
  6733 | D:6      | Found an ornate altar of the Wu Jian Council.
  6883 | D:6      | Reached skill level 7 in Axes
  6883 | D:6      | Reached XP level 9. HP: 49/81 MP: 12/12
  7064 | D:6      | Found a white marble altar of Elyvilon.
  7108 | D:6      | Reached skill level 5 in Invocations
  7159 | D:6      | Found a staircase to the Ecumenical Temple.
  7282 | D:7      | Reached skill level 8 in Axes
  7318 | D:7      | Found a stormy altar of Qazlal.
  7318 | D:7      | Found a blossoming altar of Fedhas.
  7651 | D:7      | Found a glowing golden altar of the Shining One.
  7717 | D:7      | Found a shattered altar of Ashenzari.
  7913 | D:7      | Reached skill level 9 in Axes
  7956 | D:7      | Reached **** piety under Cheibriados
  8125 | D:7      | Got a translucent war axe
  8126 | D:7      | Identified the cursed +3 war axe "Zuinnair" {protect,
                  | Int+3} (You found it on level 7 of the Dungeon)
  8160 | D:7      | Found an ancient bone altar of Kikubaaqudgha.
  8504 | D:8      | Reached skill level 10 in Axes
  8535 | D:8      | Found a deep blue altar of Sif Muna.
  8569 | D:8      | Reached XP level 10. HP: 88/88 MP: 13/13
  8604 | D:8      | Found Luomibet's Food Boutique.
  9115 | D:8      | Found Jumpex's Weapon Shop.
  9142 | D:8      | Reached skill level 11 in Axes
  9196 | D:8      | Found Ryaklo's Magic Scroll Emporium.
  9292 | D:8      | Bought a scroll of enchant armour for 97 gold pieces
  9292 | D:8      | Bought a scroll of enchant armour for 97 gold pieces
  9479 | D:8      | Found a shadowy altar of Dithmenos.
  9488 | D:8      | Learned a level 2 spell: Blink
  9508 | D:8      | Found Loum's Antique Weapon Shoppe.
  9516 | D:8      | Bought a smoking war axe for 195 gold pieces
  9516 | D:8      | Identified the +7 war axe "Poorag" {drain, +Blink +Rage
                  | rPois} (You bought it in a shop on level 8 of the Dungeon)
  9741 | D:8      | Noticed a wolf spider
  9996 | D:8      | Killed a wolf spider
 10181 | D:9      | Noticed a two-headed ogre
 10186 | D:9      | Killed a two-headed ogre
 10186 | D:9      | Reached ***** piety under Cheibriados
 10186 | D:9      | Reached skill level 12 in Axes
 10269 | D:9      | Noticed Maurice
 10278 | D:9      | Killed Maurice
 10306 | D:9      | Noticed a death yak
 10317 | D:9      | Noticed a death yak
 10317 | D:9      | Noticed a death yak
 10318 | D:9      | Noticed a death yak
 10318 | D:9      | Noticed a death yak
 10320 | D:9      | Noticed a death yak
 10320 | D:9      | Noticed a death yak
 10321 | D:9      | Killed a death yak
 10321 | D:9      | Reached skill level 13 in Axes
 10328 | D:9      | Killed a death yak
 10328 | D:9      | Reached XP level 11. HP: 69/94 MP: 4/14
 10340 | D:9      | Killed a death yak
 10340 | D:9      | Killed a death yak
 10340 | D:9      | Reached skill level 14 in Axes
 10344 | D:9      | Killed a death yak
 10344 | D:9      | Reached skill level 1 in Evocations
 10351 | D:9      | Killed a death yak
 10354 | D:9      | Killed a death yak
 10354 | D:9      | Reached skill level 2 in Evocations
 10658 | D:9      | Reached skill level 4 in Dodging
 10660 | D:9      | Reached skill level 3 in Evocations
 10763 | D:9      | Found a staircase to the Lair.
 11173 | D:10     | Entered Level 10 of the Dungeon
 11267 | D:10     | Reached skill level 5 in Armour
 11281 | D:10     | Reached skill level 5 in Shields
 11550 | D:10     | Found a staircase to the Orcish Mines.
 11652 | D:10     | Reached skill level 4 in Evocations
 11669 | D:10     | Noticed an unseen horror
 11677 | D:10     | Killed an unseen horror
 11677 | D:10     | Reached XP level 12. HP: 102/103 MP: 15/15
 11780 | D:10     | Reached skill level 5 in Dodging
 11957 | D:11     | Reached skill level 5 in Evocations
 12666 | D:11     | Reached skill level 6 in Fighting
 12912 | Lair:1   | Entered Level 1 of the Lair of Beasts
 12931 | Lair:1   | You fall through a shaft!
 12995 | Lair:2   | Reached ****** piety under Cheibriados
 13031 | Lair:2   | Reached skill level 7 in Fighting
 13113 | Lair:2   | Noticed a six-headed hydra
 13120 | Lair:2   | Killed a nine-headed hydra
 13190 | Lair:1   | Identified a scroll of acquirement
 13191 | Lair:1   | Got a pitted demon trident
 13938 | Lair:2   | Reached skill level 8 in Fighting
 14185 | Lair:2   | Reached skill level 15 in Axes
 14187 | Lair:2   | HP: 23/110 [lindwurm/blast of flame (10)]
 14188 | Lair:2   | HP: 9/110 [lindwurm/blast of flame (8)]
 14841 | Lair:2   | Got a distressingly furry leather armour
 14883 | Lair:3   | Gained mutation: You can use your snake-like lower body to
                  | constrict enemies. [Naga growth]
 14883 | Lair:3   | Reached XP level 13. HP: 118/118 MP: 16/16
 14884 | Lair:3   | Found a staircase to the Swamp.
 15665 | Lair:4   | Reached skill level 9 in Fighting
 15738 | Lair:4   | Found a hole to the Spider Nest.
 15783 | Lair:4   | HP: 22/121 [catoblepas (11)]
 16523 | Lair:4   | Reached skill level 10 in Fighting
 16597 | Lair:4   | Reached skill level 16 in Axes
 16653 | Lair:4   | HP: 29/123 [wyvern (4)]
 16664 | Lair:4   | Reached skill level 6 in Invocations
 16672 | Lair:4   | Reached skill level 6 in Evocations
 17080 | Lair:5   | Noticed Sonja
 17094 | Lair:5   | Reached skill level 7 in Invocations
 17154 | Lair:5   | Reached skill level 7 in Evocations
 17188 | Lair:5   | Cast into level 1 of the Abyss (Sonja)
 17282 | Abyss:1  | Found a corrupted altar of Lugonu.
 17287 | Abyss:1  | Noticed an ancient lich
 17401 | Abyss:1  | Noticed a balrug
 17404 | Abyss:1  | HP: 20/123 [balrug/+2 demon whip of venom (19)]
 17406 | Abyss:1  | HP: 1/123 [balrug/+2 demon whip of venom (12)]
 17406 | Abyss:1  | Mangled by a balrug

Vault maps used:
D:1:      dpeg_arrival_circle_labyrinth_a, serial_forest,
          infiniplex_forest_straight_4, infiniplex_forest_corner_1,
          infiniplex_forest_clump_long, infiniplex_forest_clump_small,
          infiniplex_forest_clump_curved, infiniplex_forest_clump_tiny,
          infiniplex_forest_straight_4, st_stairs_1, minmay_gold_behind_fungi,
          lemuel_old_faithful
D:2:      nicolae_overflow_hidden_temple, chequers_ecumenical_altar_twisty,
          kennysheep_okawaru_gauntlet, uniq_crazy_yiuf_cottage, uniq_robin
D:3:      first_ration, gup_sewer_entry_bowl
D:4:      lemuel_doored_altar, serial_shops, nicolae_shop_stone
D:6:      old_standard_altar, kennysheep_mini, led_sif_pool,
          minmay_temple_entry_nine_rooms, gammafunk_ghost_grave,
          chequers_serial_rivers_room_a
D:7:      grunt_temple_overflow_forces_of_nature,
          lemuel_zombie_altar_kikubaaqudgha, nicolae_tso_carved_into_rock,
          ashenzari_conservatory_becter
D:8:      lemuel_coloured_pillars_altar, basic_altar, serial_shops,
          nicolae_shop_crystal, shop_fountains, shop_coins, shop,
          kennysheep_island_fort
D:9:      dpeg_lair_monsters, special_room, uniq_maurice
D:10:     orc_0_dummy, grunt_ogre_cave
Lair:2:   minmay_lindwurm_lava, grunt_megastairs_4
Lair:3:   minmay_swamp_entry_worms, lemuel_fruit_tree, serial_bayou_shore_a
Lair:4:   spider_nest_entry_webs, special_room
Lair:5:   special_room, pf_torpor_hydra, uniq_sonja
Sewer:    sewer_frog_island_01

Skill      XL: |  1  2  3  4  5  6  7  8  9 10 11 12 13 |
---------------+----------------------------------------+-----
Axes           | 3 4 5 6 7 10 13 14 15 16 | 16.0
Fighting       | 4 5 8 10 | 10.0
Invocations    | 2 4 5 7 |  7.5
Dodging        | 1 3 4 5 |  5.0
Armour         | 3 4 5 |  5.0
Shields        | 3 4 5 |  5.0
Evocations     | 4 5 7 |  7.2

Action                   |  1- 3 |  4- 6 |  7- 9 | 10-12 | 13-15 || total
-------------------------+-------+-------+-------+-------+-------++-------
Melee: War axe           |   125 |   194 |   375 |   386 |   184 ||  1264
       Broad axe         |       |    51 |       |       |       ||    51
       Constrict         |       |       |       |       |    50 ||    50
Invok: Slouch            |       |       |       |     5 |     7 ||    12
       Temporal Distorti |       |       |       |       |     2 ||     2
 Abil: Spit Poison       |       |       |       |     2 |       ||     2
Evoke: Wand              |       |       |       |     2 |     2 ||     4
  Use: Scroll            |       |    11 |     9 |     7 |     4 ||    31
       Potion            |       |     2 |       |     2 |     4 ||     8
 Stab: Sleeping          |       |       |     1 |     2 |       ||     3
  Eat: Chunk             |     2 |     8 |     8 |    16 |     7 ||    41
Armor: Scale mail        |    78 |   136 |   176 |   167 |   176 ||   733
Dodge: Dodged            |    37 |    70 |   108 |   134 |    82 ||   431
Block: Shield            |    66 |   131 |   224 |   263 |   120 ||   804

Table legend:
 A = Non-vault XP
 B = Vault XP
 C = Vault XP percentage of total XP
 D = Non-vault monster count
 E = Vault monster count
 F = Vault count percentage of total count
                 A         B        C        D         E       F
            +---------+---------+-------+---------+---------+-------
      Total |   32058 |   20245 |  38.7 |     384 |     113 |  22.7
            +---------+---------+-------+---------+---------+-------
        D:1 |      43 |       5 |  10.4 |      25 |       2 |   7.4
        D:2 |      71 |      37 |  34.3 |      27 |      13 |  32.5
        D:3 |     180 |      24 |  11.8 |      36 |       4 |  10.0
        D:4 |     480 |       0 |   0.0 |      22 |       0 |   0.0
        D:5 |     735 |       0 |   0.0 |      42 |       0 |   0.0
        D:6 |    1277 |       0 |   0.0 |      26 |       0 |   0.0
        D:7 |    1316 |       5 |   0.4 |      16 |       3 |  15.8
        D:8 |    1514 |     630 |  29.4 |      34 |       3 |   8.1
        D:9 |    1712 |    8283 |  82.9 |      14 |      32 |  69.6
       D:10 |    2392 |     121 |   4.8 |      35 |       1 |   2.8
       D:11 |    3219 |       0 |   0.0 |      29 |       0 |   0.0
     Lair:1 |    1035 |       0 |   0.0 |       4 |       0 |   0.0
     Lair:2 |    5389 |    3089 |  36.4 |      22 |       6 |  21.4
     Lair:3 |     653 |     587 |  47.3 |       3 |       3 |  50.0
     Lair:4 |    8893 |    7307 |  45.1 |      34 |      28 |  45.2
     Lair:5 |    2182 |       0 |   0.0 |      13 |       0 |   0.0
    Abyss:1 |     967 |       0 |   0.0 |       2 |       0 |   0.0
      Sewer |       0 |     157 | 100.0 |       0 |      18 | 100.0
            +---------+---------+-------+---------+---------+-------

Vault maps used:
D:1:      dpeg_arrival_circle_labyrinth_a, serial_forest,
          infiniplex_forest_straight_4, infiniplex_forest_corner_1,
          infiniplex_forest_clump_long, infiniplex_forest_clump_small,
          infiniplex_forest_clump_curved, infiniplex_forest_clump_tiny,
          infiniplex_forest_straight_4, st_stairs_1, minmay_gold_behind_fungi,
          lemuel_old_faithful
D:2:      nicolae_overflow_hidden_temple, chequers_ecumenical_altar_twisty,
          kennysheep_okawaru_gauntlet, uniq_crazy_yiuf_cottage, uniq_robin
D:3:      first_ration, gup_sewer_entry_bowl
D:4:      lemuel_doored_altar, serial_shops, nicolae_shop_stone
D:6:      old_standard_altar, kennysheep_mini, led_sif_pool,
          minmay_temple_entry_nine_rooms, gammafunk_ghost_grave,
          chequers_serial_rivers_room_a
D:7:      grunt_temple_overflow_forces_of_nature,
          lemuel_zombie_altar_kikubaaqudgha, nicolae_tso_carved_into_rock,
          ashenzari_conservatory_becter
D:8:      lemuel_coloured_pillars_altar, basic_altar, serial_shops,
          nicolae_shop_crystal, shop_fountains, shop_coins, shop,
          kennysheep_island_fort
D:9:      dpeg_lair_monsters, special_room, uniq_maurice
D:10:     orc_0_dummy, grunt_ogre_cave
Lair:2:   minmay_lindwurm_lava, grunt_megastairs_4
Lair:3:   minmay_swamp_entry_worms, lemuel_fruit_tree, serial_bayou_shore_a
Lair:4:   spider_nest_entry_webs, special_room
Lair:5:   special_room, pf_torpor_hydra, uniq_sonja
Sewer:    sewer_frog_island_01

Table legend:
 A = Turns spent in this place as a percentage of turns spent in the entire game.
 B = Non-inter-level travel turns spent in this place as a percentage of non-inter-level travel turns spent in the entire game.
 C = Inter-level travel turns spent in this place as a percentage of turns spent in this place.
 D = Turns resting spent in this place as a percentage of non-inter-level travel turns spent in this place.
 E = Turns spent auto-exploring this place as a percentage of non-inter-level travel turns spent in this place.
 F = Non-inter-level travel turns spent in this place divided by the number of levels of this place that you've seen.
                   A       B       C       D       E      F
               +-------+-------+-------+-------+-------+----------------------
         Total | 100.0 | 100.0 |   6.0 |  13.8 |  69.1 | 909.2
       Dungeon |  70.0 |  68.7 |   7.8 |  10.7 |  71.6 | 1021.5
          Lair |  24.6 |  25.5 |   2.2 |  20.8 |  65.1 | 836.2
         Abyss |   1.3 |   1.3 |   0.0 |   0.0 |  82.6 | 218.0
         Sewer |   4.2 |   4.5 |   0.0 |  25.3 |  50.3 | 730.0
               +-------+-------+-------+-------+-------+----------------------

Table legend:
 A = Kills in this place as a percentage of kills in entire the game.
 B = Kills by you in this place as a percentage of kills by you in the entire game.
 C = Kills by friends in this place as a percentage of kills by friends in the entire game.
 D = Other kills in this place as a percentage of other kills in the entire game.
 E = Experience gained in this place as a percentage of experience gained in the entire game.
 F = Experience gained in this place divided by the number of levels of this place that you have seen.
                   A       B       C       D       E      F
               +-------+-------+-------+-------+-------+----------------------
         Total | 100.0 | 100.0 |   N/A |   N/A | 100.0 | 2905.7
       Dungeon |  73.2 |  73.2 |   N/A |   N/A |  42.1 | 2004.0
          Lair |  22.7 |  22.7 |   N/A |   N/A |  55.7 | 5827.0
         Abyss |   0.4 |   0.4 |   N/A |   N/A |   1.8 | 967.0
         Sewer |   3.6 |   3.6 |   N/A |   N/A |   0.3 | 157.0
               +-------+-------+-------+-------+-------+----------------------
